 Dungeon Crawl Stone Soup version 0.20.1-1-g8b1a95d (webtiles) character file.

32 Peloso the Skirmisher (level 3, 29/29 HPs)
             Began as a Demonspawn Fighter on Aug 3, 2017.
             Quit the game on level 2 of the Dungeon.
             The game lasted 00:03:39 (1234 turns).

Peloso the Skirmisher (Demonspawn Fighter)          Turns: 1234, Time: 00:03:40

Health: 29/29      AC:  9    Str: 15 (17) XL:     3   Next: 8%
Magic:  3/3        EV:  9    Int:  7 (9)  God:
Gold:   42         SH:  9    Dex: 16 (17) Spells: 2/2 levels left

rFire    + . .     SeeInvis .   a - +0 long sword
rCold    + . .     Gourm    .   c - +0 shield
rNeg     . . .     Faith    .   j - +0 chain mail
rPois    +         Spirit   .   (helmet restricted)
rElec    +         Reflect  .   (no cloak)
rCorr    +         Harm     .   (no gloves)
MR       .....                  (no boots)
Stlth    ..........             (no amulet)
Regen    0.1/turn               i - ring of wizardry
MPRegen  0.1/turn               (no ring)

@: agile, resistant, very slightly contaminated, hasted, invisible, very quick
A: antennae 1, claws 1, hooves 1, powered by death 1
a: no special abilities


You were on level 2 of the Dungeon.
You were very hungry.

You visited 1 branch of the dungeon, and saw 2 of its levels.

You collected 42 gold pieces.

Inventory:

Hand Weapons
 a - a +0 long sword (weapon)
Armour
 b - a +0 scale mail
 c - a +0 shield (worn)
 j - a +0 chain mail (worn)
Jewellery
 i - a ring of wizardry (left claw)
Scrolls
 g - a scroll of enchant armour {unknown}
 h - 3 scrolls of identify {unknown}
 k - a scroll of magic mapping {unknown}
 n - a scroll of amnesia {unknown}
 o - a scroll of fear {unknown}
Potions
 d - 2 potions of might
 m - 2 potions of agility
Comestibles
 f - 2 bread rations


   Skills:
 + Level 3.2 Fighting
 + Level 2.5 Long Blades
 + Level 2.8 Armour
 + Level 3.0 Shields


You had 2 spell levels left.
You didn't know any spells.

Dungeon Overview and Level Annotations

Branches:
Dungeon (2/15)

Altars:


Innate Abilities, Weirdness & Mutations

You have sharp fingernails.
You regenerate a little health from kills.
You have a pair of small antennae on your head.
You have large cloven feet.


Message History

You see here a stone.
The kobold barely misses you.
You riposte.
You closely miss the kobold. You slash the kobold!
You kill the kobold!
Things that are here:
a whip; 12 stones; a kobold corpse It was a potion of haste.
You feel yourself speed up.
It was a potion of degeneration.
There was something very wrong with that liquid.
You feel weakened.
You feel dopey.
You feel clumsy.
It was a potion of agility.
You feel agile all of a sudden.
It was a potion of resistance.
You feel protected.
It was a potion of invisibility.
You fade into invisibility!
You are very lightly contaminated with residual magic.
It was a potion of mutation.
You feel extremely strange.
Your feet thicken and deform.
A pair of antennae grows on your head!
Are you sure you want to abandon this character and quit the game? (Confirm with "yes".)

..# ####.##...... #.#
#.##.##.## #.# #.......# #.#
###...### #.# #...# ###.####
#...# ######### #......# #...#
#.......###.#.##.# #...#
#.....)(((...@##.######...####
#.......###.).##..............
#.........#...................
#.......#.(...................
#..)....#..#..##.######..[####
#.........(...##.# #...#
#########.(#..##.# #...# ##
#..#.###.# #...# #.
#######....###.# #..^# #.


There were no monsters in sight!

Vanquished Creatures
  An ooze (D:1)
  A leopard gecko (D:2)
  4 bats
  2 giant cockroaches (D:1)
  6 goblins
  2 hobgoblins (D:2)
  4 kobolds
  2 frilled lizards (D:1)
  2 rats (D:1)
24 creatures vanquished.

Notes
Turn   | Place    | Note
-------+----------+-------------------------------------------
     0 | D:1      | Peloso the Demonspawn Fighter began the quest for the Orb.
     0 | D:1      | Reached XP level 1. HP: 18/18 MP: 1/1
   207 | D:1      | Gained mutation: You regenerate a little health from kills. [demonic ancestry]
   207 | D:1      | Reached XP level 2. HP: 18/24 MP: 2/2
  1169 | D:2      | Gained mutation: You have sharp fingernails. [demonic ancestry]
  1169 | D:2      | Reached XP level 3. HP: 27/29 MP: 3/3
  1233 | D:2      | Gained mutation: You have large cloven feet. [potion of mutation]
  1233 | D:2      | Gained mutation: You have a pair of small antennae on your head. [potion of mutation]
  1234 | D:2      | Quit the game

Skill      XL: |  1  2 |
---------------+-------+-----
Long Blades    | 2 |  2.5
Shields        | 3 |  3.0
Fighting       | |  3.2
Armour         | |  2.8

Action                   || total
-------------------------++-------
Melee: Long sword        ||    72
  Use: Potion            ||     6
Armor: Scale mail        ||     7
       Chain mail        ||    47
Dodge: Dodged            ||    18
Block: Shield            ||    49
       Rpst.: Long sword ||     7
